 Dungeon Crawl Stone Soup version 0.15-a0-2130-g28e4b74 (webtiles) character file.

396 MackTheKnife the Slasher (level 7, -3/52 HPs)
             Began as a Human Fighter on July 17, 2014.
             Killed from afar by an orc wizard (11 damage)
             ... with a puff of flame
             ... on Level 4 of the Dungeon.
             The game lasted 00:05:18 (2653 turns).

MackTheKnife the Slasher (Human Fighter)            Turns: 2653, Time: 00:05:19

HP  -3/52        AC  9     Str 21      XL: 7   Next:  9%
MP   7/7         EV  6     Int  8      God:
Gold 146         SH  9     Dex 15      Spells:  0 memorised,  6 levels left

rFire  . . .     SeeInvis .     a - +0 long sword
rCold  . . .     Clarity  .     b - +0 scale mail
rNeg   . . .     rCorr    .     c - +0 shield
rPois  .         rRot     .     t - +0 helmet
rElec  .         Spirit   .     (no cloak)
SustAb .         Warding  .     (no gloves)
rMut   .         Stasis   .     g - +0 pair of boots
Gourm  .                        (no amulet)
MR     .....                    (no ring)
                                (no ring)

@: mighty, not resistant to hostile enchantments, extremely unstealthy
A: no striking features
a: no special abilities


You were on level 4 of the Dungeon.
You were very hungry.

You visited 1 branch of the dungeon, and saw 4 of its levels.

You collected 146 gold pieces.


   Skills:
 - Level 3.0 Fighting
 + Level 7.1 Long Blades
 - Level 3.0 Armour
 - Level 3.0 Shields


You had 6 spell levels left.
You didn't know any spells.

Inventory:

Hand weapons
 a - a +0 long sword (weapon)
 k - a +0 dagger of speed
Armour
 b - a +0 scale mail (worn)
 c - a +0 shield (worn)
 g - a +0 pair of boots (worn)
 t - a +0 helmet (worn)
 v - the cursed -3 ring mail of the Iron Devil {Str+4 Int+4 Curse, unknown}
   (You found it on level 4 of the Dungeon)

   It affects your strength (+4).
   It affects your intelligence (+4).
   It may recurse itself when equipped.
   It has a curse placed upon it.
Comestibles
 d - a bread ration
 h - a slice of pizza
 l - a meat ration
 r - a beef jerky
Scrolls
 j - a scroll of blinking
Jewellery
 n - an uncursed ring of wizardry {unknown}
Potions
 f - a potion of resistance
 i - a potion of heal wounds {unknown}
 m - a potion of poison {unknown}
 o - a potion of flight {unknown}
 q - a potion of lignification {unknown}
 s - a potion of restore abilities {unknown}
 u - a potion of degeneration {unknown}

▒·······▒ ▒·······▒
▒·······▒ ▒▒·······▒▒
▒▒▒▒▒ ····▒▒▒···▒ ▒▒···
·>··▒·▒···▒ ▒···▒
····'·▒···+ ▒···▒
····▒·'···▒ +···▒
····▒'▒···▒▒+▒▒▒p▒▒▒▒▒▒
▒+▒▒▒·▒▒▒▒▒▒·▒▒▒o·····▒
+··'····+·············+
▒▒▒▒'▒▒▒▒▒▒▒·▒▒+▒▒▒···▒
▒▒▒▒·▒▒▒▒▒▒▒'▒▒··▒
····▒
·+···'···········+ ···+
+▒▒▒▒▒▒▒·▒▒··▒▒··▒ ··
····▒▒▒▒'▒▒··▒▒▒+▒▒
····+··'··········+


You could see an orc.


Message History

The puff of flame hits you!
Your scale mail prevents you from hitting something.
Something hits you.
You miss something.
You hear some strange, mumbled words.
A puff of flame appears from out of thin air!
The puff of flame hits you!
* * * LOW HITPOINT WARNING * * *
You closely miss something. Something hits you.
* * * LOW HITPOINT WARNING * * *
You hear some strange, mumbled words.
The magic dart hits you!
You hear some strange, mumbled words.
Something tries to affect you, but you resist.
You slash something!
Reactivating autopickup.
Your Long Blades skill increases to level 7!
You feel a bit more experienced.
Deactivating autopickup; reactivate with Ctrl-A.
You hear some strange, mumbled words.
The puff of frost hits you!
* * * LOW HITPOINT WARNING * * *
You barely miss the orc. The orc hits you but does no damage.
You hear some strange, mumbled words.
A puff of flame appears from out of thin air!
The puff of flame hits you!
* * * LOW HITPOINT WARNING * * *
You hear some strange, mumbled words.
The puff of flame hits you!
You die...

Action                   |  1- 3 |  4- 6 |  7- 9 || total
-------------------------+-------+-------+-------++-------
Melee: Long sword        |   143 |   158 |    16 ||   317
  Use: Scroll            |       |     4 |     1 ||     5
       Potion            |       |       |     1 ||     1
  Eat: Chunk             |     1 |     4 |       ||     5

Vault maps used:
D:1:      elethiomel_arrival_fortress_basement, serial_co_window_serial,
          co_window_paths_a, co_window_paths_a, co_window_of_opportunity_a,
          co_window_of_opportunity_a, co_window_paths_b, co_window_paths_a,
          co_window_paths_b, co_window_of_opportunity_a,
          co_window_of_opportunity_a, co_window_broadway_c,
          co_window_unsneaky_path_a, co_window_corner_b, co_window_cross_2,
          co_window_corner_ca, co_window_broadway_b, glass_columns_c,
          glass_columns_a, st_stairs_4
D:2:      guppyfry_early_orc_mine
D:3:      kiku_gazebo_pond_becter, minmay_misc_feat_more_columns,
          grunt_gozag_breadcrumbs
D:4:      grunt_temple_overflow_open, temple_statues, uniq_duvessa

Notes
Turn   | Place    | Note
--------------------------------------------------------------
     0 | D:1      | MackTheKnife, the Human Fighter, began the quest for the Orb.
     0 | D:1      | Reached XP level 1. HP: 18/18 MP: 1/1
    68 | D:1      | Reached XP level 2. HP: 24/24 MP: 2/2
   270 | D:1      | Reached skill level 3 in Long Blades
   579 | D:1      | Reached XP level 3. HP: 29/29 MP: 3/3
  1198 | D:2      | Reached skill level 4 in Long Blades
  1198 | D:2      | Reached XP level 4. HP: 32/35 MP: 4/4
  1589 | D:3      | Found an opulent altar of Gozag.
  1594 | D:3      | Noticed Podrick's ghost (average HuSk)
  1614 | D:3      | Killed Podrick's ghost
  1614 | D:3      | Reached skill level 6 in Long Blades
  1614 | D:3      | Reached XP level 5. HP: 18/41 MP: 5/5
  1614 | D:3      | Reached XP level 6. HP: 20/47 MP: 6/6
  2127 | D:3      | Found an ancient bone altar of Kikubaaqudgha.
  2460 | D:4      | Got a warped ring mail
  2475 | D:4      | Reached XP level 7. HP: 39/52 MP: 7/7
  2652 | D:4      | Reached skill level 7 in Long Blades
  2653 | D:4      | Killed from afar by an orc wizard

Vanquished Creatures
  The ghost of Podrick the Vexing, an average HuSk (D:3)
  A hound (D:4)
  An orc wizard (D:4)
  7 adders
  2 worms
  5 orcs
  2 ball pythons (D:1)
  10 bats
  3 giant cockroaches
  10 goblins
  7 hobgoblins
  14 kobolds
  2 giant newts
  10 rats
75 creatures vanquished.
